details: '1v4 on slalom'

« prev index next »

General information

Mini Map

Players

team 1
Humanhumankingtomvip (red | 84 APM | 1864 actions | 22:08)
Hero icon 6 Death Knight
Ability icon 3 Death Coil
Ability icon 3 Unholy Aura
Hero icon 5 Archmage
Ability icon 2 Summon Water Elemental
Ability icon 3 Brilliance Aura
Hero icon 5 Tauren Chieftain
Ability icon 3 Endurance Aura
Ability icon 2 War Stomp
Hero icon 3 Lich
Ability icon 3 Frost Nova
Hero icon 1 Shadow Hunter
Ability icon 1 Healing Wave

» actions
Assign group hotkey46
Basic commands159
Build / train181
ESC pressed2
Enter build submenu97
Enter hero's abilities submenu23
Give item / drop item1
Right click378
Select / deselect392
Select group hotkey437
Use ability148
1864 total
» units
Peasant18
Acolyte11
Peon10
Ghoul8
Crypt Fiend12
Rifleman4
Troll Headhunter/Berserker4
Frost Wyrm5
Tauren2
Shaman4
Troll Witch Doctor5
Gryphon Rider9
Obsidian Statue2
94 total
» upgrades
Gunpowder3
Creature Attack4
Long Rifles1
Web2
Armor3
Creature Carapace3
Shaman Training2
Witch Doctor Training2
Animal War Training1
Pulverize1
Plating1
Lumber Harvesting1
Berserker Upgrade1
Troll Regeneration1
Storm Hammers1
27 total
» buildings
Altar of Kings1
Farm15
Graveyard2
Crypt1
Blacksmith1
Ziggurat17
War Mill1
Barracks5
Tomb of Relics3
Orc Burrow8
Nerubian Tower2
Watch Tower5
Scout Tower10
Halls of the Dead3
Keep2
Arcane Tower2
Stronghold2
Town Hall1
Black Citadel3
Necropolis2
Castle1
Sacrificial Pit2
Fortress2
Spirit Lodge2
Lumber Mill1
Boneyard6
Tauren Totem3
Gryphon Aviary3
Slaughterhouse1
Spirit Tower4
Guard Tower1
112 total
» build order
00:22 Altar of Kings
00:35 Farm
00:54 Graveyard
00:56 Crypt
01:08 Farm
01:10 Blacksmith
01:20 Ziggurat
01:30 Graveyard
01:42 Farm
01:43 Farm
01:48 Ziggurat
02:01 War Mill
02:22 Barracks
02:23 Barracks
02:28 Ziggurat
02:29 Ziggurat
02:33 Tomb of Relics
02:42 Barracks
02:42 Barracks
02:45 Orc Burrow
03:04 Farm
03:06 Farm
03:14 Barracks
03:19 Nerubian Tower
03:22 Nerubian Tower
03:44 Watch Tower
04:13 Scout Tower
04:36 Halls of the Dead
04:46 Keep
04:46 Keep
05:01 Arcane Tower
05:02 Farm
05:05 Farm
05:40 Ziggurat
05:43 Stronghold
05:43 Stronghold
05:45 Orc Burrow
06:10 Halls of the Dead
06:11 Halls of the Dead
06:13 Ziggurat
06:13 Ziggurat
06:14 Ziggurat
06:32 Town Hall
06:35 Scout Tower
07:10 Black Citadel
07:13 Ziggurat
07:14 Ziggurat
07:14 Ziggurat
07:34 Necropolis
07:39 Castle
07:41 Arcane Tower
07:59 Tomb of Relics
08:06 Sacrificial Pit
08:10 Necropolis
08:35 Fortress
08:36 Fortress
08:39 Orc Burrow
08:39 Orc Burrow
08:40 Orc Burrow
08:43 Spirit Lodge
08:43 Spirit Lodge
09:34 Ziggurat
09:35 Ziggurat
09:35 Ziggurat
09:38 Ziggurat
09:39 Ziggurat
09:39 Ziggurat
09:44 Black Citadel
09:44 Black Citadel
10:32 Lumber Mill
10:52 Tomb of Relics
10:53 Boneyard
10:54 Boneyard
10:54 Boneyard
11:02 Sacrificial Pit
11:23 Tauren Totem
11:23 Tauren Totem
11:26 Tauren Totem
11:59 Gryphon Aviary
11:59 Gryphon Aviary
11:59 Gryphon Aviary
12:20 Boneyard
12:21 Boneyard
12:21 Boneyard
12:23 Slaughterhouse
13:38 Spirit Tower
13:40 Spirit Tower
14:38 Scout Tower
14:39 Scout Tower
14:39 Scout Tower
14:39 Scout Tower
14:40 Scout Tower
14:41 Scout Tower
14:41 Scout Tower
14:41 Scout Tower
14:47 Spirit Tower
14:49 Spirit Tower
15:44 Watch Tower
15:44 Watch Tower
15:45 Watch Tower
15:45 Watch Tower
15:56 Guard Tower
15:59 Farm
15:59 Farm
15:59 Farm
16:00 Farm
16:00 Farm
16:00 Farm
17:09 Orc Burrow
17:09 Orc Burrow
» items
Dust of Appearance1
Rod of Necromancy1
Scroll of Protection1
Scroll of Healing2
Orb of Corruption2
7 total
UndeadxXDRAGONXx (green | 25 APM | 19 actions | 00:46)

» actions
Build / train4
Enter build submenu3
Right click5
Select / deselect4
Use ability3
19 total
» units
Acolyte4
4 total
» buildings
Altar of Darkness1
Crypt1
Ziggurat1
3 total
» build order
00:08 Altar of Darkness
00:11 Crypt
00:13 Ziggurat
Orcdrpepperman (orange | 28 APM | 16 actions | 00:33)

» actions
Build / train1
Enter build submenu3
Right click2
Select / deselect7
Use ability3
16 total
» units
Peon1
1 total
» buildings
Orc Burrow2
Altar of Storms1
3 total
» build order
00:19 Orc Burrow
00:21 Altar of Storms
00:25 Orc Burrow
Random» Undeadafk_SPANKIN_it (blue | 42 APM | 27 actions | 00:38)

» actions
Build / train2
Enter build submenu2
Right click11
Select / deselect10
Use ability2
27 total
» units
Acolyte2
2 total
» buildings
Altar of Darkness1
Ziggurat1
2 total
» build order
00:09 Altar of Darkness
00:11 Ziggurat
team 2
Orcdakilla66 (yellow | 35 APM | 769 actions | 22:06)
Hero icon 3 Blademaster
Ability icon 2 Wind Walk
Ability icon 1 Critical Strike

» actions
Assign group hotkey27
Build / train57
Enter build submenu14
Enter hero's abilities submenu3
Give item / drop item4
Right click247
Select / deselect229
Select group hotkey111
Use ability77
769 total
» units
Peon12
Troll Batrider11
Demolisher2
Grunt2
Gargoyle3
Crypt Fiend1
31 total
» upgrades
Ranged Weapons3
Liquid Fire1
Burning Oil1
Reinforced Defenses1
Berserker Strength1
Melee Weapons1
Armor1
9 total
» buildings
Altar of Storms1
Orc Burrow4
Voodoo Lounge1
War Mill1
Stronghold1
Fortress1
Beastiary2
Barracks2
Watch Tower3
16 total
» build order
00:15 Altar of Storms
00:18 Orc Burrow
01:05 Voodoo Lounge
01:55 War Mill
02:30 Stronghold
02:52 Orc Burrow
03:57 Orc Burrow
05:00 Fortress
05:47 Beastiary
05:48 Beastiary
12:09 Barracks
12:11 Barracks
12:15 Orc Burrow
14:09 Watch Tower
14:10 Watch Tower
14:12 Watch Tower
» items
Healing Salve3
Lesser Clarity Potion2
Circlet of Nobility2
Boots of Speed1
Orb of Lightning1
Scroll of Town Portal1
Tiny Great Hall1
11 total
Random» Undeadhlbc_osf (teal | 65 APM | 1302 actions | 19:59)
Hero icon 4 Dreadlord
Ability icon 2 Vampiric Aura
Ability icon 2 Sleep

» actions
Assign group hotkey31
Basic commands47
Build / train57
ESC pressed6
Enter build submenu25
Enter hero's abilities submenu4
Give item / drop item6
Right click519
Select / deselect197
Select group hotkey356
Use ability54
1302 total
» units
Acolyte12
Ghoul19
Abomination5
36 total
» upgrades
Cannibalize1
Unholy Strength3
Unholy Armor2
Ghoul Frenzy1
Disease Cloud1
8 total
» buildings
Crypt3
Altar of Darkness1
Ziggurat11
Tomb of Relics1
Halls of the Dead1
Graveyard2
Black Citadel1
Slaughterhouse2
Necropolis1
23 total
» build order
00:41 Crypt
00:45 Altar of Darkness
00:55 Ziggurat
00:57 Ziggurat
01:16 Tomb of Relics
01:59 Ziggurat
02:27 Crypt
02:34 Crypt
04:40 Halls of the Dead
06:26 Graveyard
06:33 Graveyard
07:06 Black Citadel
07:24 Ziggurat
08:37 Ziggurat
11:59 Slaughterhouse
12:01 Slaughterhouse
12:51 Ziggurat
12:52 Ziggurat
12:53 Ziggurat
12:57 Necropolis
17:08 Ziggurat
17:46 Ziggurat
17:47 Ziggurat
» items
Rod of Necromancy2
Boots of Speed1
Staff of Teleportation1
Scroll of Town Portal1
5 total
HumanBoomBoomPoow (purple | 47 APM | 918 actions | 19:26)
Hero icon 5 Paladin
Ability icon 3 Divine Shield
Ability icon 2 Devotion Aura

» actions
Assign group hotkey10
Basic commands24
Build / train59
ESC pressed7
Enter build submenu16
Enter hero's abilities submenu5
Give item / drop item1
Remove unit from queue1
Right click384
Select / deselect180
Select group hotkey195
Use ability36
918 total
» units
Peasant17
Footman3
Gryphon Rider21
41 total
» upgrades
Swords2
Plating2
Lumber Harvesting1
Storm Hammers1
6 total
» buildings
Altar of Kings1
Barracks1
Farm11
Lumber Mill2
Blacksmith1
Keep4
Castle1
Gryphon Aviary3
Town Hall1
25 total
» build order
00:08 Altar of Kings
00:20 Barracks
00:40 Farm
00:42 Farm
01:34 Lumber Mill
02:14 Blacksmith
02:28 Farm
02:29 Farm
02:30 Farm
02:31 Farm
02:33 Farm
03:19 Keep
03:19 Keep
03:20 Keep
03:20 Keep
05:07 Farm
05:07 Farm
05:08 Farm
05:41 Castle
05:49 Gryphon Aviary
05:53 Gryphon Aviary
05:57 Gryphon Aviary
07:58 Lumber Mill
10:47 Town Hall
12:06 Farm
UndeadPalin4President (pink | 22 APM | 425 actions | 19:40)
Hero icon 1 Dreadlord
Ability icon 1 Sleep
Hero icon 1 Death Knight
Ability icon 1 Death Coil

» actions
Assign group hotkey18
Build / train34
Enter build submenu19
Enter hero's abilities submenu2
Right click139
Select / deselect109
Select group hotkey80
Use ability24
425 total
» units
Acolyte4
Ghoul4
Crypt Fiend7
15 total
» upgrades
Creature Attack2
Web1
Creature Carapace1
Burrow1
Destroyer Form1
6 total
» buildings
Altar of Darkness1
Crypt2
Ziggurat7
Graveyard1
Tomb of Relics1
Halls of the Dead1
Spirit Tower6
Sacrificial Pit1
Black Citadel1
Slaughterhouse1
22 total
» build order
07:28 Altar of Darkness
07:32 Crypt
07:37 Ziggurat
07:40 Graveyard
07:53 Ziggurat
07:59 Ziggurat
08:05 Tomb of Relics
09:00 Crypt
09:05 Halls of the Dead
09:54 Ziggurat
10:22 Ziggurat
13:09 Ziggurat
13:48 Spirit Tower
13:54 Spirit Tower
13:56 Spirit Tower
14:05 Spirit Tower
14:09 Spirit Tower
14:53 Sacrificial Pit
15:03 Ziggurat
16:19 Black Citadel
17:13 Slaughterhouse
17:47 Spirit Tower
» items
Rod of Necromancy1
1 total

Chat log

(00:14 / Allies) afk_SPANKIN_it: fiends
(00:22 / Allies) afk_SPANKIN_it: noob
(00:25 / Allies) humankingtomvip: who are you calling a fiend
(00:26 / Allies) afk_SPANKIN_it: wow
(00:36 / Allies) afk_SPANKIN_it: those are the untis im getting morong
(00:38 / Allies) humankingtomvip: i call dibs
(00:39 / Allies) humankingtomvip: on his base
(00:41 / Allies) humankingtomvip: LOL
(00:41 / All) dakilla66: gg
(00:43 / Allies) xXDRAGONXx: fuck
(00:45 / Allies) humankingtomvip: lets play it
(01:13 / All) Palin4President: i was going to bs too

(04:05 / All) dakilla66: ima go own them ruight now
(04:14 / All) dakilla66: LOL

(08:47 / All) hlbc_osf: no
(09:11 / All) humankingtomvip: ropfl;
(09:20 / All) humankingtomvip: 30 minutes in u have 10 food?

(19:00 / All) humankingtomvip: lol
(19:12 / All) humankingtomvip: 1v4 so much easier
(19:14 / All) humankingtomvip: than 4v4
(19:50 / All) humankingtomvip: wheres that blademaster
(19:53 / All) humankingtomvip: i want to KILL it
(19:58 / All) hlbc_osf: it died
(20:08 / All) humankingtomvip: no its alive
(20:12 / All) dakilla66: yup
(20:22 / All) humankingtomvip: little puny bm